 Dungeon Crawl Stone Soup version 0.29.0-4-gdea44cf6ec (webtiles) character file.

Game seed: 11236886493281306887

138 qw the Chopper (level 5, -6/30 HPs)
             Began as a Tengu Warper on Aug 28, 2022.
             Mangled by a gnoll
             ... wielding a +0 halberd
              (9 damage)
             ... on level 3 of the Dungeon.
             The game lasted 00:00:14 (2730 turns).

qw the Chopper (Tengu Warper)                       Turns: 2730, Time: 00:00:14

Health: -6/30      AC:  5    Str: 14    XL:     5   Next: 21%
Magic:  9/9        EV: 13    Int: 13    God:
Gold:   135        SH:  0    Dex: 13    Spells: 8/8 levels left

rFire   . . .      SeeInvis .   Y - +0 hand axe
rCold   . . .      Faith    .   (no shield)
rNeg    . . .      Spirit   .   c - +0 ring mail
rPois   .          Reflect  .   (helmet restricted)
rElec   .          Harm     .   (no cloak)
rCorr   .          Rampage  .   (no gloves)
Will    .....                   (boots unavailable)
Stlth   +.........              (no amulet)
HPRegen 0.10/turn               (no ring)
MPRegen 0.11/turn               (no ring)

@: about to teleport, flying quickly and evasively, quick
A: beak, talons 3, nimble flight
a: no special abilities


You were on level 3 of the Dungeon.
You visited 1 branch of the dungeon, and saw 3 of its levels.

You collected 135 gold pieces.


Innate Abilities, Weirdness & Mutations

You have a beak for a mouth.
You have claws for feet.
Your magical nature lets you fly swiftly and evasively.


   Skills:
 - Level 2.0 Fighting
 + Level 5.8 Axes
 - Level 1.0 Throwing
 - Level 1.1 Armour
 - Level 2.1 Dodging
 - Level 2.0 Spellcasting
 - Level 2.4 Translocations


You had 8 spell levels left.
You didn't know any spells.
Your spell library contained the following spells:

 Spells                   Type           Power      Damage    Failure   Level
 Blink                    Tloc           14%        N/A       30%         2
 Gell's Gravitas          Tloc           7%         N/A       52%         3
 Lesser Beckoning         Tloc           7%         N/A       52%         3
 Teleport Other           Tloc           7%         N/A       52%         3
 Manifold Assault         Tloc           7%         N/A       99%         5

Inventory:

Hand Weapons
 a - a +0 mace
 Y - a +0 hand axe (weapon)
Missiles
 b - 2 silver boomerangs
 m - 4 boomerangs (quivered)
Armour
 c - a +0 ring mail (worn)
Scrolls
 g - a scroll of teleportation
 j - a scroll of identify
Potions
 d - a potion of curing {unknown}
 f - a potion of might
 l - a potion of heal wounds {unknown}

Dungeon Overview and Level Annotations

Branches:
Dungeon (3/15)

Altars:

Shops:
D:1 :


Message History

The gnoll hits you from afar with a +0 halberd!
You barely miss the orc priest.
The orc priest is heavily wounded.
The orc priest hits you with a +0 morningstar.
The gnoll completely misses you.
You hit the orc priest.
The orc priest is severely wounded.
The gnoll misses you.
The orc priest invokes the aid of Beogh against you.
Pain shoots through your body!
A gnoll comes into view. It is wielding a +0 halberd.
The gnoll shouts!
You hit the orc priest.
You kill the orc priest!
The gnoll misses you.
You have reached level 5!
Your magical nature develops, letting you fly swiftly and evasively.
You hit the gnoll. Your kick misses the gnoll. Your peck misses the gnoll.
The gnoll is heavily wounded.
The gnoll closely misses you.
You hit the gnoll. Your kick misses the gnoll.
You peck the gnoll, but do no damage.
The gnoll is heavily wounded.
A gnoll comes into view. It is wielding a +0 club.
The gnoll closely misses you. The gnoll completely misses you.
The gnoll shouts!
You hit the gnoll but do no damage. Your kick misses the gnoll.
You peck the gnoll, but do no damage.
The gnoll is heavily wounded.
You hear an angry hiss.
The gnoll closely misses you. The gnoll hits you with a +0 halberd!
2729 ||| READING 2 scrolls of teleportation.
As you read the scroll of teleportation, it crumbles to dust.
You feel strangely unstable. The gnoll closely misses you.
The gnoll barely misses you.
You hit the gnoll. You claw the gnoll.
You kill the gnoll!
An adder comes into view.
The gnoll hits you from afar with a +0 halberd!
You die...

#.## ... # ##..
. ... # #. #.#
.
#.#.##.#####..#
#.....)).g?....
#....@.g...#
#....#<#####S#
........#
#...#.###
...... #../#
##.# #. #


You could see 2 gnolls and an adder.

Vanquished Creatures
  An orc priest (D:3)
  Jessica (D:2)
  An orc wizard (D:2)
  A gnoll (D:3)
  An adder (D:2)
  2 worms (D:2)
  3 orcs (D:2)
  4 ball pythons
  An endoplasm (D:1)
  6 giant cockroaches
  3 goblins
  2 hobgoblins (D:2)
  3 jackals (D:1)
  2 quokkas
  3 bats (D:2)
  3 frilled lizards
  3 kobolds
  2 rats
42 creatures vanquished.

Vanquished Creatures (others)
  4 fungi (D:1)
  5 plants (D:1)
9 creatures vanquished.

Grand Total: 51 creatures vanquished

Notes
Turn   | Place    | Note
-------+----------+-------------------------------------------
     0 | D:1      | qw the Tengu Warper began the quest for the Orb.
     0 | D:1      | Reached XP level 1. HP: 12/12 MP: 4/4
     0 | D:1      | 0 ||| qw: Version: 0.1-a-89-g26bdef1
     0 | D:1      | 0 ||| qw: Game counter: 2392
     0 | D:1      | 0 ||| qw: Always use a shield: true
     0 | D:1      | 0 ||| qw: God list: Okawaru
     0 | D:1      | 0 ||| qw: Allow faded altars: false
     0 | D:1      | 0 ||| qw: Do Orc after D:15 true
     0 | D:1      | 0 ||| qw: Do second Lair branch before Depths: true
     0 | D:1      | 0 ||| qw: Lair rune preference: random
     0 | D:1      | 0 ||| qw: Plans: Normal
     0 | D:1      | 0 ||| PLANNING D:1-11
    97 | D:1      | Found Ihusk's Book Shop.
   109 | D:1      | 109 ||| Stepping ~*~*~tactically~*~*~ (stealth).
   129 | D:1      | Reached skill level 3 in Axes
   129 | D:1      | Reached XP level 2. HP: 15/17 MP: 6/6
   769 | D:1      | Found a faded altar of an unknown god.
  1040 | D:1      | 1040 ||| READING scroll labelled MAON TOMNIN.
  1041 | D:1      | 1041 ||| DROPPING scroll of blinking.
  1071 | D:2      | 1071 ||| STAIRDANCE
  1337 | D:2      | Reached XP level 3. HP: 18/21 MP: 7/7
  1470 | D:2      | Noticed Jessica
  1471 | D:2      | 1471 ||| Stepping ~*~*~tactically~*~*~ (hiding).
  1481 | D:2      | HP: 5/21 [Jessica/+0 dagger (4)]
  1482 | D:2      | HP: 2/21 [Jessica/+0 dagger (3)]
  1484 | D:2      | Killed Jessica
  1485 | D:2      | Reached skill level 4 in Axes
  1689 | D:2      | 1689 ||| FLEEEEING.
  1840 | D:2      | Reached XP level 4. HP: 26/26 MP: 8/8
  1943 | D:2      | 1943 ||| Stepping ~*~*~tactically~*~*~ (stealth).
  2354 | D:2      | 2354 ||| UPGRADING to +0 ring mail.
  2364 | D:2      | 2364 ||| DROPPING +0 leather armour.
  2365 | D:2      | 2365 ||| READING 3 scrolls labelled OBIPLI LOXTEV.
  2370 | D:2      | 2370 ||| READING scroll labelled COTHOJIPYTS.
  2371 | D:2      | 2371 ||| READING scroll labelled QOZEISHIPTA.
  2372 | D:2      | 2372 ||| DRINKING 2 purple potions.
  2373 | D:2      | 2373 ||| DRINKING 2 viscous ruby potions.
  2374 | D:2      | 2374 ||| READING 2 scrolls of identify.
  2374 | D:2      | 2374 ||| IDENTIFYING glowing pink potion
  2375 | D:2      | 2375 ||| DROPPING potion of attraction.
  2376 | D:2      | 2376 ||| DROPPING potion of flight.
  2387 | D:3      | 2387 ||| STAIRDANCE
  2401 | D:2      | Reached skill level 5 in Axes
  2494 | D:3      | 2494 ||| STAIRDANCE
  2566 | D:2      | 2566 ||| DROPPING +0 club.
  2570 | D:3      | 2570 ||| STAIRDANCE
  2725 | D:3      | Gained mutation: Your magical nature lets you fly swiftly
                  | and evasively. [Tengu growth]
  2725 | D:3      | Reached XP level 5. HP: 15/30 MP: 9/9
  2728 | D:3      | HP: 3/30 [gnoll/+0 halberd (12)]
  2729 | D:3      | 2729 ||| READING 2 scrolls of teleportation.
  2730 | D:3      | Mangled by a gnoll

Levels and vault maps discovered:
D:1:      tarquinn_simple_flora_water_f, layout_basic,
          dreamdust_ecumenical_altar_hidden_monk_grotto, serial_shops,
          nicolae_shop_behind_doors, amcnicky_mini_corridor_feature
D:2:      layout_rooms, chequers_avenue, kennysheep_generic_room_5, uniq_jessica
D:3:      layout_loops_ring

Skill      XL: |  1  2  3  4 |
---------------+-------------+-----
Axes           | 3 4 5 |  5.8
Fighting       | |  2.0
Throwing       | |  1.0
Armour         | |  1.1
Dodging        | |  2.1
Spellcasting   | |  2.0
Translocations | |  2.4

Action                   |  1- 3 |  4- 6 || total
-------------------------+-------+-------++-------
Melee: Hand axe          |    84 |    57 ||   141
       Kick              |    11 |    11 ||    22
       Peck              |    15 |     7 ||    22
       Punch             |     1 |     1 ||     2
Throw: Boomerang         |     7 |       ||     7
  Use: Scroll            |     1 |     5 ||     6
       Potion            |       |     2 ||     2
Armor: Leather armour    |    23 |     9 ||    32
       Ring mail         |       |     8 ||     8
Dodge: Dodged            |    32 |    45 ||    77

Table legend:
 A = Non-vault XP
 B = Vault XP
 C = Vault XP percentage of total XP
 D = Non-vault monster count
 E = Vault monster count
 F = Vault count percentage of total count
                 A         B        C        D         E       F
            +---------+---------+-------+---------+---------+-------
      Total |     173 |      40 |  18.8 |      39 |       3 |   7.1
            +---------+---------+-------+---------+---------+-------
        D:1 |      28 |       0 |   0.0 |      16 |       0 |   0.0
        D:2 |      89 |      40 |  31.0 |      21 |       3 |  12.5
        D:3 |      56 |       0 |   0.0 |       2 |       0 |   0.0
            +---------+---------+-------+---------+---------+-------
